 Dungeon Crawl Stone Soup version 0.16.1-18-g436b03c (webtiles) character file.

153 Mellonil the Skirmisher (level 5, -1/48 HPs)
             Began as a Hill Orc Abyssal Knight on May 5, 2015.
             Was a Priest of Lugonu.
             Slain by a worker ant (6 damage)
             ... on level 3 of the Dungeon.
             The game lasted 00:20:12 (3859 turns).

Mellonil the Skirmisher (Hill Orc Abyssal Knight)   Turns: 3859, Time: 00:20:13

Health: -1/48      AC:  3    Str: 16    XL:     5   Next: 35%
Magic:  8/8        EV: 11    Int: 12    God:    Lugonu [***...]
Gold:   125        SH:  0    Dex: 10    Spells: 0 memorised, 4 levels left

rFire  . . .     SeeInvis .     a - +2 spear
rCold  . . .     Clarity  .     b - +0 leather armour
rNeg   + . .     SustAb   .     (no shield)
rPois  .         Gourm    .     (no helmet)
rElec  .         Spirit   .     (no cloak)
rCorr  .         Warding  .     (no gloves)
rMut   .         Stasis   .     (no boots)
MR     .....                    (no amulet)
Stlth  +.........               (no ring)
                                u - ring of positive energy

@: lethally poisoned (-1 -> -8), not resistant to hostile enchantments, very
unstealthy
A: no striking features
a: Depart the Abyss, Bend Space, Banish, Renounce Religion


You were on level 3 of the Dungeon.
You worshipped Lugonu.
Lugonu was most pleased with you.
You were not hungry.

You visited 1 branch of the dungeon, and saw 4 of its levels.
You visited the Abyss 1 time.

You collected 125 gold pieces.

Inventory:

Hand weapons
 a - a +2 spear (weapon)
Armour
 b - a +0 leather armour (worn)
Jewellery
 u - a ring of positive energy (left hand)
Scrolls
 f - a scroll of teleportation
 n - a scroll of enchant weapon
 p - 3 scrolls of identify
 r - a scroll of blinking
 t - a scroll of magic mapping
Potions
 e - a potion of brilliance {unknown}
 j - a potion of beneficial mutation {unknown}
 k - a potion of resistance {unknown}
 q - 2 potions of flight {unknown}
 s - a potion of might {unknown}
 v - a potion of berserk rage {unknown}
 x - a potion of mutation {unknown}
Comestibles
 c - 3 meat rations
 m - 3 bread rations


   Skills:
 * Level 5.0 Fighting
 * Level 4.1 Polearms
 + Level 2.7 Armour
 - Level 0.7 Dodging
 + Level 3.3 Invocations


You had 4 spell levels left.
You didn't know any spells.

Dungeon Overview and Level Annotations

Branches:
Dungeon (4/15)             Temple (0/1) D:4

Altars:
Fedhas
Gozag
Trog


Message History

The worker ant is severely wounded.
You feel sick. The worker ant bites you.
* * * LOW HITPOINT WARNING * * *
You are lethally poisoned!
The worker ant poisons you!
Drink which item? (? for menu, Esc to quit)
You feel better. The worker ant bites you.
* * * LOW HITPOINT WARNING * * *
You barely miss the worker ant.
The worker ant is severely wounded.
The worker ant bites you.
* * * LOW HITPOINT WARNING * * *
You are lethally poisoned!
The worker ant poisons you!
The worker ant bites you but does no damage.
You barely miss the worker ant.
The worker ant is severely wounded.
* * * LOW HITPOINT WARNING * * *
You feel sick. The worker ant bites you.
You die...

...)# #..###.## #.#
....# #..# #.# #.#
....# ######..# #.# #.#
##..#######.......# #.#
#.#
##...........########.#
#.#
##.......#............#
#.#
##.#####...#.##########
#.# ##.# #####.########
#.# ##.# #....@...# #.#
##.## ######a..# #.#
#...##### #.### #.#
........# #.# #.#
#...###.# #.# ######.#
##.## #.# #.# #......#
#.# ##.###### #.#
#.###### #.# #.......#
#.# #.# #.# #.......#
#)# #.#


You could see a worker ant.

Vanquished Creatures
  A worker ant (D:3)
  2 adders
  A gnoll (D:1)
  5 worms
  4 giant geckos
  8 bats
  2 giant cockroaches (D:1)
  6 hobgoblins
  8 kobolds
  4 ball pythons
  5 giant newts
  10 goblins
  8 jackals
  A quokka skeleton (D:4)
  9 rats
  A bush (D:2)
75 creatures vanquished.

Notes
Turn   | Place    | Note
--------------------------------------------------------------
     0 | Abyss:1  | Mellonil, the Hill Orc Abyssal Knight, began the quest for the Orb.
     0 | Abyss:1  | Reached XP level 1. HP: 19/19 MP: 1/1
     6 | D:1      | Escaped the Abyss
    24 | D:1      | Reached XP level 2. HP: 13/27 MP: 2/2
   406 | D:1      | Reached skill level 4 in Fighting
   654 | D:1      | Reached XP level 3. HP: 26/33 MP: 4/4
   900 | D:1      | Acquired Lugonu's second power
  1478 | D:2      | Reached XP level 4. HP: 36/40 MP: 6/6
  1508 | D:2      | Found an opulent altar of Gozag.
  1930 | D:2      | Found a bloodstained altar of Trog.
  3048 | D:3      | Acquired Lugonu's third power
  3274 | D:3      | Found a blossoming altar of Fedhas.
  3276 | D:3      | Reached XP level 5. HP: 47/47 MP: 8/8
  3508 | D:3      | Reached skill level 5 in Fighting
  3799 | D:4      | Found a staircase to the Ecumenical Temple.
  3859 | D:3      | Slain by a worker ant

Action                   |  1- 3 |  4- 6 || total
-------------------------+-------+-------++-------
Melee: Spear             |   137 |   361 ||   498
Invok: Bend Space        |       |     2 ||     2
  Use: Scroll            |       |    11 ||    11
       Potion            |       |     5 ||     5
  Eat: Chunk             |     2 |     2 ||     4
       Bread ration      |       |     1 ||     1
       Pizza             |       |     1 ||     1
